 Dungeon Crawl Stone Soup version 0.23.2-1-ga50397a6bc (webtiles) character file.

Game seed: 17283372483864378235

182 Morbidden the Insei (level 5, -1/61 HPs)
             Began as a Demonspawn Gladiator on Apr 26, 2019.
             Slain by Menkaure (12 damage)
             ... on level 4 of the Dungeon.
             The game lasted 00:04:15 (2232 turns).

Morbidden the Insei (Demonspawn Gladiator)          Turns: 2232, Time: 00:04:16

Health: -1/61      AC: 22    Str: 14    XL:     5   Next: 34%
Magic:  5/5        EV:  2    Int: 11    God:
Gold:   228        SH:  0    Dex: 14    Spells: 4/4 levels left

rFire    . . .     SeeInvis .   e - +2 dagger (venom)
rCold    . . .     Gourm    .   (no shield)
rNeg     + + +     Faith    .   (armour currently unavailable)
rPois    +         Spirit   .   (helmet currently unavailable)
rElec    .         Reflect  .   (cloak currently unavailable)
rCorr    .         Harm     .   (gloves currently unavailable)
MR       .....     NoTele   +   (boots currently unavailable)
Stlth    ++........             (no amulet)
HPRegen  0.20/turn              l - ring of teleportation (curse)
MPRegen  0.09/turn              (no ring)

@: tree-form
A: no striking features
a: no special abilities


You were on level 4 of the Dungeon.
You were very hungry.
You were a tree.
You visited 1 branch of the dungeon, and saw 4 of its levels.

You collected 228 gold pieces.

Inventory:

Hand Weapons
 e - a +2 dagger of venom (weapon)
Missiles
 c - 3 throwing nets (quivered)
 k - 4 steel javelins
Armour
 a - a +0 leather armour (melded)
 b - a +0 helmet
 j - a +0 pair of boots (melded)
 m - a +0 pair of gloves (melded)
Jewellery
 l - a cursed ring of teleportation (left branch)
 w - a cursed ring of attention
Wands
 u - a wand of flame (15)
Scrolls
 g - 2 scrolls of random uselessness {unknown}
 h - 2 scrolls of teleportation {unknown}
 o - 7 scrolls of identify
 q - 3 scrolls of enchant armour {unknown}
 r - 3 scrolls of remove curse {unknown}
 t - 4 scrolls of magic mapping {unknown}
 v - a scroll of fog {unknown}
Potions
 f - a potion of agility {unknown}
 i - a potion of mutation {unknown}
 n - 2 potions of resistance
 p - 2 potions of curing
 x - a potion of degeneration {unknown}
Comestibles
 d - 9 rations


   Skills:
 * Level 3.1 Fighting
 + Level 1.1 Short Blades
 + Level 1.8 Throwing
 + Level 1.6 Armour
 + Level 3.5 Dodging
 + Level 0.5 Stealth
 + Level 3.5 Unarmed Combat


You had 4 spell levels left.
You didn't know any spells.
Your spell library contained the following spells:

 Spells                   Type           Power        Failure   Level  Hunger
 Flame Tongue             Conj/Fire      #....        34%         1    ##.....
 Throw Flame              Conj/Fire      #.....       47%         2    ###....
 Conjure Flame            Conj/Fire      #.......     71%         3    ####...
 Inner Flame              Hex/Fire       #.......     71%         3    ####...
 Sticky Flame             Conj/Fire      #.......     98%         4    #####..
 Fireball                 Conj/Fire      #.........   100%        5    ######.


Dungeon Overview and Level Annotations

Branches:
Dungeon (4/15)
 Temple: D:4-7

Altars:
Gozag
Xom

Annotations:
D:4 Menkaure


Innate Abilities, Weirdness & Mutations

((You have a pair of small horns on your head.))


Message History

Unknown command.
You hit Menkaure but do no damage.
Menkaure is severely damaged.
Menkaure barely misses you.
Unknown command.
Unknown command.
You feel better. Menkaure hits you but does no damage.
Unknown command.
You closely miss Menkaure.
Menkaure is severely damaged.
Menkaure hits you but does no damage.
Unknown command.
You hit Menkaure.
Menkaure is severely damaged.
Menkaure hits you but does no damage.
You hit Menkaure.
Menkaure is almost destroyed.
Menkaure hums a few words.
Menkaure hits you!
You die...

###########
############
..........#
#...♣M.....#
..........#
#.########.#
..........###.######
#########............
#####.###.#######
#.......#.#
#####.###.#.#.#
......# #...#.#
####### #####.#


You could see Menkaure.

Vanquished Creatures
  A hound (D:4)
  3 adders (D:2)
  4 gnolls (D:2)
  An ooze (D:2)
  2 dart slugs (D:2)
  2 leopard geckos
  4 orcs
  A ball python (D:3)
  7 bats
  5 giant cockroaches
  8 goblins
  9 hobgoblins
  3 jackals (D:2)
  A quokka (D:2)
  6 frilled lizards
  8 kobolds
  6 rats
71 creatures vanquished.

Notes
Turn   | Place    | Note
-------+----------+-------------------------------------------
     0 | D:1      | Morbidden the Demonspawn Gladiator began the quest for the
                  | Orb.
     0 | D:1      | Reached XP level 1. HP: 16/16 MP: 1/1
   278 | D:1      | Gained mutation: You have a pair of small horns on your
                  | head. [demonic ancestry]
   278 | D:1      | Reached XP level 2. HP: 9/22 MP: 2/2
   711 | D:2      | Reached XP level 3. HP: 22/28 MP: 3/3
   720 | D:2      | Found a shimmering altar of Xom.
   960 | D:2      | Reached skill level 1 in Armour
   960 | D:2      | Reached XP level 4. HP: 10/34 MP: 4/4
  1290 | D:2      | Found a faded altar of an unknown god.
  1520 | D:3      | Found an opulent altar of Gozag.
  1588 | D:3      | Reached skill level 1 in Short Blades
  1588 | D:3      | Reached XP level 5. HP: 41/41 MP: 5/5
  2208 | D:4      | Noticed Menkaure
  2226 | D:4      | HP: 2/61 [Menkaure (12)]
  2232 | D:4      | Slain by Menkaure

Skill      XL: |  1  2  3  4 |
---------------+-------------+-----
Unarmed Combat | 3 |  3.5
Dodging        | 3 |  3.5
Armour         | 1 |  1.6
Fighting       | 3 |  3.1
Short Blades   | 1 |  1.1
Throwing       | |  1.8
Stealth        | |  0.5

Action                   |  1- 3 |  4- 6 || total
-------------------------+-------+-------++-------
Melee: Unarmed           |    47 |       ||    47
       Dagger            |    58 |   108 ||   166
       Headbutt          |     7 |    17 ||    24
       Punch             |       |     3 ||     3
  Use: Potion            |     1 |     2 ||     3
       Scroll            |       |     2 ||     2
 Stab: Sleeping          |     1 |       ||     1
  Eat: Chunk             |       |     3 ||     3
Armor: Leather armour    |    29 |    32 ||    61
       Skin              |       |     7 ||     7
Dodge: Dodged            |   112 |    61 ||   173
